 Dungeon Crawl Stone Soup version 0.17.1-3-g152610e (webtiles) character file.

222 Chilling the Cutter (level 5, -3/41 HPs)
             Began as a Draconian Wanderer on Feb 24, 2016.
             Was a Follower of Cheibriados.
             Slain by a gnoll
             ... wielding a +0 halberd
              (8 damage)
             ... on level 4 of the Dungeon.
             The game lasted 00:38:05 (4989 turns).

Chilling the Cutter (Draconian Wanderer)            Turns: 4989, Time: 00:38:05

Health: -3/41      AC:  5    Str: 17    XL:     5   Next: 66%
Magic:  4/9        EV: 13    Int: 16    God:    Cheibriados [*.....]
Gold:   197        SH:  0    Dex: 19    Spells: 2 memorised, 7 levels left

rFire  . . .     SeeInvis .     g - +0 short sword
rCold  . . .     Clarity  .     (armour unavailable)
rNeg   . . .     SustAt   .     (no shield)
rPois  .         Gourm    .     (helmet restricted)
rElec  .         Spirit   .     (no cloak)
rCorr  .         Warding  .     (no gloves)
rMut   .         Stasis   .     (no boots)
MR     .....                    (no amulet)
Stlth  +++.......               (no ring)
                                c - -3 ring of evasion (curse)

@: agile, very slightly contaminated, very slow, not resistant to hostile
enchantments, fairly stealthy
A: unfitting armour, cold-blooded, AC +5
a: Bend Time, Renounce Religion


You were on level 4 of the Dungeon.
You worshipped Cheibriados.
Cheibriados was aware of your devotion.
You were very hungry.

You visited 2 branches of the dungeon, and saw 6 of its levels.

You collected 197 gold pieces.

Inventory:

Hand Weapons
 g - a +0 short sword (weapon)
 s - a +0 dagger
Missiles
 k - 42 arrows
Jewellery
 c - a cursed -3 ring of evasion (left hand)
Scrolls
 j - a scroll of random uselessness {unknown}
 m - 3 scrolls of enchant armour
 u - a scroll of amnesia {unknown}
Potions
 l - a potion of haste
 o - a potion of curing
 q - a potion of cancellation
Books
 a - a book of Minor Magic

   Spells                             Type                      Level
   a - Magic Dart                     Conjuration                  1
   b - Blink                          Translocation                2
   c - Call Imp                       Summoning                    2
   d - Repel Missiles                 Charms/Air                   2
   e - Slow                           Hexes                        2
   f - Conjure Flame                  Conjuration/Fire             3
   g - Mephitic Cloud                 Conjuration/Poison/Air       3
 b - the Disquisition on the Entourage

   Spells                             Type                      Level
   a - Summon Butterflies             Summoning                    1
   b - Summon Small Mammal            Summoning                    1
Comestibles
 d - a bread ration
 f - a fruit
 i - 3 meat rations
 t - a beef jerky


   Skills:
 - Level 2.1 Fighting
 + Level 3.6 Short Blades
   Level 1.0 Axes
 - Level 2.0 Stealth
   Level 1.0 Shields
 + Level 2.6 Spellcasting
 - Level 3.0 Summonings
   Level 1.0 Ice Magic
 - Level 2.1 Invocations


You had 7 spell levels left.
You knew the following spells:

 Your Spells              Type           Power        Failure   Level  Hunger
a - Magic Dart            Conj           #...         21%         1    #......
b - Summon Butterflies    Summ           ##......     8%          1    #......


Dungeon Overview and Level Annotations

Branches:
Dungeon (5/15)             Temple (1/1) D:4

Altars:
Cheibriados
Elyvilon
Fedhas
Gozag
Kikubaaqudgha
Makhleb
Nemelex Xobeh
Okawaru
Qazlal
Ru
Trog
Vehumet
Xom
Yredelemnul
Zin

Annotations:
D:4 1 exclusion, Eustachio


Innate Abilities, Weirdness & Mutations

Your plain brown scales are hard (AC +5).
Your body does not fit into most forms of armour.
You are cold-blooded and may be slowed by cold attacks.


Message History

You hit the worker ant but do no damage.
You tail-slap the worker ant.
You kill the worker ant!
Cheibriados appreciates the change of pace.
You feel sick. The gnoll closely misses you. The gnoll misses you.
Drink which item? (? for menu, Esc to quit)
You feel better. The gnoll hits you with a spear!
The gnoll hits you with a halberd!
* * * LOW HITPOINT WARNING * * *
You are feeling very hungry.
You hit the gnoll.
The gnoll is heavily wounded.
Your butterfly disappears in a puff of smoke!
The gnoll hits you but does no damage.
You hit the gnoll.
You tail-slap the gnoll, but do no damage.
The gnoll is almost dead.
The gnoll is no longer moving slowly.
The gnoll barely misses you. The gnoll barely misses you.
The gnoll hits you with a halberd!
You die...

#................#
#................#
#................#
#................#
#....b.§b........#
#)....bbb........#
#...o............#
#..ggg...........#
#...@.bb....##.###
#....†......##.#
#...........##.#
#...........##.#
##############.######
#....... ########


You could see 3 gnolls and an orc.

Vanquished Creatures
  An iguana (D:4)
  An orc priest (D:4)
  2 worker ants (D:4)
  3 adders
  2 gnolls (D:4)
  An ooze (D:3)
  An adder skeleton (D:4)
  3 worms
  6 giant geckos
  7 orcs
  4 bats
  A giant cockroach (D:3)
  6 goblins
  3 hobgoblins
  2 jackals
  2 quokkas (D:2)
  A giant newt (D:3)
  4 kobolds
  6 rats
  A spectral orc (D:2)
57 creatures vanquished.

Vanquished Creatures (others)
  A bat (D:2)
1 creature vanquished.

Grand Total: 58 creatures vanquished

Notes
Turn   | Place    | Note
--------------------------------------------------------------
     0 | D:1      | Chilling the Draconian Wanderer began the quest for the Orb.
     0 | D:1      | Chilling set off with: a book of Minor Magic, the Disquisition on the Entourage, a +0 club, a bread ration
     0 | D:1      | Reached XP level 1. HP: 17/17 MP: 2/2
     4 | D:1      | Learned a level 1 spell: Magic Dart
    38 | D:1      | Learned a level 1 spell: Summon Butterflies
   337 | D:1      | Reached XP level 2. HP: 22/24 MP: 0/4
   516 | D:2      | Found a snail-covered altar of Cheibriados.
   529 | D:2      | Became a worshipper of Cheibriados the Contemplative
   794 | D:2      | Reached skill level 1 in Short Blades
   794 | D:2      | Reached XP level 3. HP: 10/29 MP: 2/5
  1197 | D:2      | Found a basalt altar of Yredelemnul.
  1334 | D:2      | Reached * piety under Cheibriados
  1533 | D:2      | Found a radiant altar of Vehumet.
  1797 | D:3      | Reached skill level 1 in Invocations
  1951 | D:3      | Reached XP level 4. HP: 26/36 MP: 7/7
  2868 | D:4      | Noticed Eustachio
  3006 | D:4      | Noticed an ogre
  3180 | D:4      | Found a staircase to the Ecumenical Temple.
  3186 | Temple   | Entered the Ecumenical Temple
  3866 | D:4      | Reached XP level 5. HP: 17/41 MP: 5/8
  4019 | D:4      | Noticed an ogre
  4174 | D:5      | Entered Level 5 of the Dungeon
  4299 | D:5      | Noticed an ogre
  4305 | D:5      | Noticed a centaur
  4305 | D:5      | Noticed an ogre
  4989 | D:4      | Slain by a gnoll

Action                   |  1- 3 |  4- 6 || total
-------------------------+-------+-------++-------
Melee: Short sword       |   100 |   101 ||   201
       Dagger            |     8 |    46 ||    54
 Cast: Magic Dart        |    19 |    14 ||    33
       Summon Butterflie |     3 |     9 ||    12
Invok: Bend Time         |       |     2 ||     2
  Use: Scroll            |     5 |     5 ||    10
       Potion            |       |     6 ||     6
 Stab: Sleeping          |     7 |       ||     7
  Eat: Chunk             |     3 |     4 ||     7
